 Dungeon Crawl Stone Soup version 0.18.1-50-g88ac8fd (webtiles) character file.

162 ololoev the Magician (level 5, -1/28 HPs)
             Began as a Deep Elf Earth Elementalist on Dec 5, 2016.
             Splashed by an oklob sapling's acid (12 damage)
             ... on level 5 of the Dungeon.
             The game lasted 00:11:25 (1042 turns).

ololoev the Magician (Deep Elf Earth Elementalist)  Turns: 1042, Time: 00:11:26

Health: -1/28      AC:  3    Str:  5    XL:     5   Next: 19%
Magic:  15/15      EV:  8    Int: 21    God:
Gold:   130        SH:  0    Dex: 15    Spells: 3 memorised, 10 levels left

rFire  + . .     SeeInvis .     b - 90 stones
rCold  x . .     Gourm    .     a - +0 robe
rNeg   . . .     Faith    .     (no shield)
rPois  .         Spirit   .     (no helmet)
rElec  .         Dismiss  .     (no cloak)
rCorr  .         Reflect  .     e - +0 pair of gloves
SustAt +         Harm     .     (no boots)
MR     .....                    (no amulet)
Stlth  ++........               k - ring of fire
                                h - ring of sustain attributes

@: not resistant to hostile enchantments, unstealthy
A: no striking features
a: no special abilities

Inventory:

Missiles
 b - 90 stones (in hand)
Armour
 a - a +0 robe (worn)
 e - a +0 pair of gloves (worn)
Jewellery
 h - a ring of sustain attributes (left hand)
 k - a ring of fire (right hand)
Scrolls
 f - 5 scrolls of identify {unknown}
 g - 2 scrolls of remove curse {unknown}
 i - a scroll of blinking {unknown}
 m - a scroll of noise {unknown}
 n - 2 scrolls of fear {unknown}
Potions
 l - 2 potions of lignification {unknown}
Books
 c - a book of Geomancy

   Spells                             Type                      Level
   a - Sandblast                      Earth                        1
   b - Passwall                       Transmutation/Earth          2
   c - Stone Arrow                    Conjuration/Earth            3
   d - Petrify                        Transmutation/Earth          4
   e - Lee's Rapid Deconstruction     Earth                        5
Comestibles
 d - a bread ration
 j - 2 meat rations
 o - a beef jerky
 q - 2 fruits


   Skills:
 - Level 2.4 Dodging
 - Level 2.4 Stealth
 * Level 6.3 Spellcasting
 - Level 1.1 Transmutations
 + Level 4.4 Earth Magic


You had 10 spell levels left.
You knew the following spells:

 Your Spells              Type           Power        Failure   Level  Hunger
a - Sandblast             Erth           ####..       1%          1    None
b - Stone Arrow           Conj/Erth      ###...       14%         3    #......
w - Passwall              Trmt/Erth      ###.......   6%          2    None


You were on level 5 of the Dungeon.
You were hungry.

You visited 1 branch of the dungeon, and saw 5 of its levels.

You collected 130 gold pieces.

#.#..# #.#..# #.#..###.
## #.#.....
.###############..##.##
.'...............P....#
.###########.P..PP.P..#
....# #....PP.PP.#.#.
..#.# #....P.@PPP.5..
....# #...PP.PPPP##..
#.### ####.PPP.P.#
#.###########P..PP...#
#.##....##......####.#
#.......##.÷..... .#
####....##.....# #
#....##.....###
#....##.....#<#

Notes
Turn   | Place    | Note
--------------------------------------------------------------
     0 | D:1      | ololoev the Deep Elf Earth Elementalist began the quest for the Orb.
     0 | D:1      | Reached XP level 1. HP: 10/10 MP: 6/6
     8 | D:1      | ReniFell: >>>>>>The dire flail of protection hits your larval batshock beast!! Your larval batshock beast dies!
    93 | D:2      | ReniFell: hall of bladez...
    93 | D:2      | ololoev: ну офигеть теперь!
   183 | D:1      | ReniFell: ya tak je kajdii raz govoru...
   187 | D:1      | Reached XP level 2. HP: 15/15 MP: 4/8
   232 | D:1      | Reached skill level 4 in Spellcasting
   239 | D:1      | ReniFell: zaebalo uje magom natikat'sya na 50kk adderov na d2
   253 | D:2      | Goblin1989: мне кажется он этим тенгу играть не будет пока стрик не завершит уже
   303 | D:2      | Goblin1989: а вывод простой - нужно было вехумета брать, а не сиф муну
   303 | D:2      | ReniFell: ++++++
   303 | D:2      | ReniFell: sifmuna huynya!
   303 | D:2      | ololoev: так это же и есть следующая игра в стрике
   303 | D:2      | ololoev: я так понял
   316 | D:2      | Reached XP level 3. HP: 19/19 MP: 4/11
   320 | D:2      | Learned a level 2 spell: Passwall
   325 | D:2      | ReniFell: on mojet na drugoy versii streakanut'
   329 | D:2      | Learned a level 3 spell: Stone Arrow
   329 | D:2      | ololoev: ??streak
   329 | D:2      | beem: streak[1/3]: Winning multiple games in succession. Not what you thought it meant, perv. Don't play Mu xor CK.
   329 | D:2      | ololoev: ??streak[2
   329 | D:2      | beem: streak[2/3]: st and re are already gone, 0.13 will remove ak and streaking will be impossible at last
   329 | D:2      | ololoev: ??streak[3
   329 | D:2      | beem: streak[3/3]: http://crawl.akrasiac.org/scoring/streaks.html
   329 | D:2      | ReniFell: ty mojew' na luboy versii streakovat'
   329 | D:2      | ReniFell: sm. moy streak
   329 | D:2      | ololoev: короче там начало же должно быть следующим за началом предыдущей игры
   329 | D:2      | ololoev: на версию пофиг вестимо
   392 | D:3      | ReniFell: stremno togda
   397 | D:3      | Reached skill level 5 in Spellcasting
   398 | D:3      | ololoev: иначе слишком изи
   398 | D:3      | Goblin1989: ну тогда хреново
   398 | D:3      | ololoev: делаешь стри, поинмаешь что не сейчас помрешь, выходишь, заходишь в другую версию и дальше табаешь
   399 | D:3      | Goblin1989: но у него 3 блинка, может и разрулит
   407 | D:2      | ololoev: судя по логу там только один враг в лосе
   407 | D:2      | ololoev: 1 блинка хватит
   538 | D:2      | ReniFell: tam daje weapon ne ryadom s nim
   630 | D:2      | ololoev: ppc kamney nabral
   630 | D:2      | Goblin1989: кто-нибудь из здесь присутствующих в арканум играл?
   630 | D:2      | ololoev: ya
   653 | D:4      | Found a sparkling altar of Nemelex Xobeh.
   668 | D:5      | Entered Level 5 of the Dungeon
   696 | D:4      | Reached XP level 4. HP: 24/24 MP: 7/13
   726 | D:4      | ReniFell: prohodil v nachale nulevih mb
   728 | D:4      | Goblin1989: как там мост с бандитами заговорить чтобы их не убивать и 1000 рублей не платить не помнишь?
   728 | D:4      | ReniFell: ploho pomnu
   728 | D:4      | ololoev: я делал так
   728 | D:4      | ololoev: находишь динамит
   728 | D:4      | ololoev: кладешь его
   728 | D:4      | ololoev: агришь бандитов
   728 | D:4      | Goblin1989: нет
   728 | D:4      | ololoev: бежишь мимо динамита
   728 | D:4      | ReniFell: i to ya ne prowel daje iz-za baga, samaya bagovannaya igra v mire ept
   728 | D:4      | ololoev: так чтобы тебя не задело
   728 | D:4      | Goblin1989: мне их убивать нельзя никак
   728 | D:4      | ReniFell: gothic 3 i baggerfall sosut
   728 | D:4      | ololoev: why?
   733 | D:4      | Goblin1989: я пацифист
   751 | D:4      | Reached skill level 6 in Spellcasting
   751 | D:4      | Reached XP level 5. HP: 20/28 MP: 1/15
   753 | D:4      | ololoev: why?
   787 | D:4      | ReniFell: seychas bi pacifistom igrat'...
   808 | D:5      | Found a staircase to the Ecumenical Temple.
   809 | D:5      | ReniFell: eto kak dizanared bez ubiistv prohodit'
   809 | D:5      | ololoev: ne nu eto norm razve?
   809 | D:5      | ReniFell: da
   811 | D:5      | ReniFell: >>>>>>>sapling
   843 | D:5      | ReniFell: sopling
   843 | D:5      | ReniFell: :D:D:D
   854 | D:5      | ololoev: fail!
   889 | D:5      | ReniFell: tfw plant ubit' slojnee chem ogre
   911 | D:5      | ReniFell: pizdec!
   953 | D:5      | ReniFell: 100500 kamney proebal!
   965 | D:5      | ReniFell: lul
   982 | D:5      | ReniFell: sapling bit'!
  1003 | D:5      | ReniFell: SMOrc
  1042 | D:5      | Splashed by an oklob sapling's acid

Dungeon Overview and Level Annotations

Branches:
Dungeon (5/15)             Temple (0/1) D:5

Altars:
Nemelex Xobeh

Annotations:
D:5 exclusion: oklob sapling


Message History

All of the chunks of flesh in your inventory have rotted away.
No previous command to re-do.
You swing at nothing.
You swing at nothing.
You swing at nothing.
You swing at nothing.
You swing at nothing.
You are no longer corroded.
You swing at nothing.
You swing at nothing.
You swing at nothing.
You swing at nothing.
You swing at nothing.
You swing at nothing.
You swing at nothing.
You swing at nothing.
You swing at nothing.
You swing at nothing.
You swing at nothing.
You swing at nothing.
You swing at nothing.
You swing at nothing.
You swing at nothing.
You swing at nothing.
You swing at nothing.
You are feeling hungry.
You swing at nothing.
You swing at nothing.
You swing at nothing.
You swing at nothing.
You swing at nothing.
You swing at nothing.
You swing at nothing.
You swing at nothing.
You swing at nothing.
You swing at nothing.
You swing at nothing.
You swing at nothing.
You swing at nothing.
You swing at nothing.
You swing at nothing.
You swing at nothing.
You swing at nothing.
You swing at nothing.
You swing at nothing.
You swing at nothing.
You swing at nothing.
You swing at nothing.
You swing at nothing.
You swing at nothing.
You swing at nothing.
You swing at nothing.
You swing at nothing.
You swing at nothing.
You swing at nothing.
You swing at nothing.
You swing at nothing.
You swing at nothing.
You swing at nothing.
You swing at nothing.
You swing at nothing.
You swing at nothing.
You swing at nothing.
You swing at nothing.
You swing at nothing.
Eat which item? (? for menu, Esc to quit)
Okay, then.
Put on which piece of jewellery? (? for menu, Esc to quit)
You feel more attuned to fire.
k - a ring of fire (right hand) Really walk into a travel-excluded area?
Found 8 gold pieces.
You see here a scroll labeled XERUODDI CIAGE.
n - 2 scrolls labeled XERUODDI CIAGE (gained 1)
A shadow imp comes into view.
The shadow imp shouts!
There is a staircase to the Ecumenical Temple here.
The oklob sapling spits acid at you. The splash of acid hits you!
The acid burns!
You die...

You could see an oklob sapling and a shadow imp.

Vanquished Creatures
  An orc priest (D:4)
  2 orc wizards (D:4)
  An adder (D:2)
  2 oozes
  3 worms
  A dart slug (D:2)
  2 giant geckos
  4 orcs (D:4)
  4 bats
  2 giant cockroaches (D:1)
  3 goblins
  7 hobgoblins
  2 jackals (D:2)
  6 kobolds
  A ball python (D:3)
  2 giant newts (D:1)
  A jackal skeleton (D:4)
  5 rats
  A plant (D:5)
50 creatures vanquished.

Action                   |  1- 3 |  4- 6 || total
-------------------------+-------+-------++-------
 Cast: Sandblast         |    60 |    49 ||   109
Armor: Robe              |     7 |       ||     7
Dodge: Dodged            |    16 |     3 ||    19

Vault maps used:
D:1:      tarquinn_simple_flora_water_d, minmay_statues_item, item_on_display_a
D:2:      patterned_corridor
D:3:      serial_park_tiny_1
D:4:      nemelex_xobeh_ov_fountains_minmay
D:5:      kennysheep_kobold_camp, minmay_temple_entry_oklob, first_bread
